 Dungeon Crawl Stone Soup version 0.31-a0-154-g56bf346678 (webtiles) character file.

Game seed: 16243242011096983312

516 Midn8 the Purveyor of Pain (level 7, 57/57 HPs)
             Began as a Pale Draconian Wanderer on June 11, 2023.
             Was an Initiate of Kikubaaqudgha.
             Quit the game on level 4 of the Dungeon.
             The game lasted 00:09:57 (3555 turns).

Midn8 the Purveyor of Pain (DrWn)                   Turns: 3555, Time: 00:09:58

Health: 57/57      AC:  9    Str: 13    XL:     7   Next: 0%
Magic:  10/13      EV: 11    Int: 13    God:    Kikubaaqudgha [......]
Gold:   235        SH:  0    Dex: 13    Spells: 9/14 levels left

rFire   . . .        a - +0 short sword (freeze)
rCold   . . .        (no shield)
rNeg    . . .        (body armour unavailable)
rPois   .            (helmet restricted)
rElec   .            k - +0 cloak
rCorr   .            e - +0 pair of gloves
SInv    .            b - +0 pair of boots
Will    +....        (no amulet)
Stlth   ++           d - ring of willpower
HPRegen 0.29/turn    (no ring)
MPRegen 0.13/turn

%: no passive effects
@: no status effects
A: breathe steam, AC +6, unfitting armour, cold-blooded, steam resistance
a: Breathe Steam, Renounce Religion


You were on level 4 of the Dungeon.
You worshipped Kikubaaqudgha.
Kikubaaqudgha was noncommittal.
You visited 1 branch of the dungeon, and saw 4 of its levels.

You collected 235 gold pieces.

Inventory:

Hand Weapons
 a - a +0 short sword of freezing (weapon)
Missiles
 t - 5 boomerangs
Armour
 b - a +0 pair of boots (worn)
 e - a +0 pair of gloves (worn)
 k - a +0 cloak (worn)
Magical Staves
 q - a staff of cold
Jewellery
 d - a ring of willpower (left hand)
Wands
 l - a wand of mindburst (10)
Scrolls
 c - 2 scrolls of blinking
 f - a scroll of immolation
 n - a scroll of fear {unknown}
 p - a scroll of identify {unknown}
 s - a scroll of poison {unknown}
 u - a scroll of summoning {unknown}
Potions
 g - a potion of curing {unknown}
 h - a potion of resistance {unknown}
 i - a potion of heal wounds
 j - a potion of invisibility
 m - a potion of enlightenment {unknown}
 o - a potion of attraction {unknown}
 r - a potion of might {unknown}


   Skills:
 - Level 3.0 Fighting
 - Level 2.0 Short Blades
 - Level 1.0 Dodging
 - Level 1.0 Stealth
 - Level 4.0 Spellcasting
 + Level 6.3 Necromancy
 - Level 1.0 Invocations


You had 9 spell levels left.
You knew the following spells:

 Your Spells              Type           Power      Damage    Failure   Level
a - Necrotise             Necr           76%        1d7       1%          1
v - Vampiric Draining     Necr           19%        2d7       4%          3
D - Kiss of Death         Conj/Necr      40%        2d8       6%          1

Your spell library contained the following spells:

 Spells                   Type           Power      Damage    Failure   Level
 Animate Dead             Necr           19%        N/A       16%         4
 Dispel Undead            Necr           19%        3d11      16%         4
 Slow                     Hex            8%         N/A       21%         1
 Confusing Touch          Hex            2%         N/A       52%         3


Dungeon Overview and Level Annotations

Branches:
Dungeon (4/15)
 Temple: D:4-7

Altars:
Kikubaaqudgha
Qazlal
Trog
Zin
The Shining One


Innate Abilities, Weirdness & Mutations

You can breathe blasts of scalding, opaque steam.
Your pale cyan-grey scales are hard. (AC +6)
You cannot fit into any form of body armour.
You are cold-blooded and may be slowed by cold attacks.
You are immune to the effects of steam.


Message History

The jackal closely misses you.
Your jackal skeleton bites the jackal.
The jackal bites you but does no damage.
The jackal barely misses you.
You barely miss the jackal.
Your tail-slap misses the jackal.
The jackal is severely wounded.
The jackal barely misses you.
Your jackal skeleton misses the jackal.
The jackal misses you.
You closely miss the jackal.
You tail-slap the jackal, but do no damage.
The jackal is severely wounded.
The jackal misses you.
Your jackal skeleton bites the jackal but does no damage.
The jackal bites you but does no damage.
The jackal barely misses you.
You hit the jackal but do no damage.
The jackal is severely wounded.
Your jackal skeleton bites the jackal.
The jackal misses you. x2
You barely miss the jackal.
Your tail-slap misses the jackal.
You punch the jackal, but do no damage.
The jackal is severely wounded.
The jackal bites you but does no damage.
Your jackal skeleton completely misses the jackal.
The jackal bites you.
Unknown command.
You closely miss the jackal. You tail-slap the jackal.
You kill the jackal!
Kikubaaqudgha accepts your kill. The jackal closely misses you.
Your jackal skeleton bites the jackal.
The jackal dies!
Kikubaaqudgha accepts your kill.
You have reached level 7!
Your scales start taking on a pale cyan-grey colour.
You learn Fire Magic quicker.
You learn Air Magic quicker.
You learn Evocations quicker.
You can breathe blasts of scalding, opaque steam.
You are now immune to the effects of steam.
You hit the ball python. You freeze the ball python.
You kill the ball python!
Kikubaaqudgha accepts your kill.
Are you sure you want to abandon this character and quit the game? (Confirm with "yes".)

..♣. ♣.♣.#
.. ♣.♣.# ♣.
♣.♣.# ♣.♣.#
♣.♣.# ♣.♣.#
# #.#.#
#.#...##
#.Z@...#
#....####..#
#..# ...# ##
#.## #.# #.#
.#


You could see a friendly jackal skeleton.

Vanquished Creatures
  A black bear (D:4)
  2 ogres (D:4)
  A scorpion (D:4)
  A jelly (D:4)
  An orc priest (D:3)
  An iguana (D:3)
  Terence (D:2)
  An adder (D:2)
  A worm (D:3)
  A dart slug (D:3)
  7 orcs
  5 bats
  An endoplasm (D:3)
  3 giant cockroaches (D:3)
  9 goblins
  8 hobgoblins
  8 jackals
  2 quokkas (D:4)
  5 ball pythons
  6 kobolds
  4 rats
69 creatures vanquished.

Vanquished Creatures (collateral kills)
  A jackal (D:4)
1 creature vanquished.

Grand Total: 70 creatures vanquished

Notes
Turn   | Place    | Note
-------+----------+-------------------------------------------
     0 | D:1      | Midn8 the Draconian Wanderer began the quest for the Orb.
     0 | D:1      | Midn8 set off with the following items: a +0 short sword, a
                  | +0 pair of boots, a scroll of blinking; and the following
                  | spells available to memorise: Necrotise, Kiss of Death,
                  | Animate Dead.
     0 | D:1      | Reached XP level 1. HP: 14/14 MP: 3/3
   120 | D:1      | Learned a level 1 spell: Necrotise
   294 | D:1      | Reached XP level 2. HP: 20/20 MP: 0/5
  1176 | D:2      | Noticed Terence
  1211 | D:2      | Killed Terence
  1212 | D:2      | Reached XP level 3. HP: 14/26 MP: 0/8
  1284 | D:2      | Learned a level 1 spell: Kiss of Death
  1769 | D:3      | Reached XP level 4. HP: 33/33 MP: 6/10
  2087 | D:3      | Identified the +2 ring mail "Afoy" {+Inv Dex+2}
  2274 | D:3      | Reached skill level 4 in Necromancy
  2274 | D:3      | Reached XP level 5. HP: 38/38 MP: 7/11
  2310 | D:3      | Found a stormy altar of Qazlal.
  2648 | D:3      | Learned a level 3 spell: Vampiric Draining
  2732 | D:3      | Found a faded altar of an unknown god.
  2931 | D:4      | Reached skill level 5 in Necromancy
  2931 | D:4      | Reached skill level 1 in Fighting
  3002 | D:4      | Noticed an ogre
  3019 | D:4      | Killed an ogre
  3020 | D:4      | Reached XP level 6. HP: 32/51 MP: 1/12
  3285 | D:4      | Reached skill level 6 in Necromancy
  3427 | D:4      | Found a glowing golden altar of the Shining One.
  3428 | D:4      | Found a glowing silver altar of Zin.
  3429 | D:4      | Found a bloodstained altar of Trog.
  3429 | D:4      | Found an ancient bone altar of Kikubaaqudgha.
  3435 | D:4      | Became a worshipper of Kikubaaqudgha
  3554 | D:4      | Your scales start taking on a pale cyan-grey colour.
  3554 | D:4      | Reached XP level 7. HP: 57/57 MP: 10/13
  3554 | D:4      | Gained mutation: You are immune to the effects of steam.
                  | [Pale Draconian growth]
  3555 | D:4      | Quit the game

Illustrated notes

Levels and vault maps discovered:
D:1:      minmay_arrival_loop, layout_rooms
D:2:      layout_basic, uniq_terence
D:3:      layout_basic, mainiacjoe_overflow_chevrons,
          hellmonk_ecumenical_altar_heavens_door, minmay_goblin_kobold_house
D:4:      layout_basic, mainiacjoe_overflow_alcove_3, serial_forest,
          infiniplex_forest_clump_curved, infiniplex_forest_lined_2,
          infiniplex_forest_lined_3, infiniplex_forest_lined_2,
          infiniplex_forest_straight_2, infiniplex_forest_lined_ring,
          infiniplex_forest_lined_1, infiniplex_forest_split

Skill      XL: |  1  2  3  4  5  6 |
---------------+-------------------+-----
Spellcasting   | 3 4 |  4.0
Necromancy     | 4 5 6 |  6.3
Fighting       | 3 |  3.0
Short Blades   | |  2.0
Dodging        | |  1.0
Stealth        | |  1.0
Invocations    | |  1.0

Action                     |  1- 3 |  4- 6 |  7- 9 || total
---------------------------+-------+-------+-------++-------
  Melee: Short sword       |    46 |    89 |     1 ||   136
         Tailslap          |     5 |    13 |       ||    18
         Punch             |       |     1 |       ||     1
   Cast: Necrotise         |    47 |    64 |       ||   111
         Vampiric Draining |       |     8 |       ||     8
    Use: Scroll            |     5 |       |       ||     5
         Potion            |     1 |       |       ||     1
   Stab: Distracted        |       |     1 |       ||     1
 Armour: Skin              |    24 |    37 |       ||    61
  Dodge: Dodged            |    24 |    56 |       ||    80

Table legend: (Time is in decaauts)
 A = Elapsed time spent in this place.
 B = Non-inter-level travel time spent in this place.
 C = Inter-level travel time spent in this place.
 D = Time resting spent in this place.
 E = Time spent auto-exploring this place.
 F = Levels seen in this place.
 G = Mean time per level.
                   A        B        C        D        E       F      G
               +--------+--------+--------+--------+--------+-----+--------+
         Total |   3542 |   3471 |     71 |   1025 |   1858 |   4 |  885.5 |
       Dungeon |   3542 |   3471 |     71 |   1025 |   1858 |   4 |  885.5 |
               +--------+--------+--------+--------+--------+-----+--------+

Top non-repeatable levels by time:
     D:3: 1067 daAuts
     D:2: 983 daAuts
     D:4: 794 daAuts
     D:1: 695 daAuts
